 Dungeon Crawl Stone Soup version 0.31-a0-152-g6aa68a64a1 (webtiles) character file.

Game seed: 2769991796920742515

65 qw the Shooter (level 4, -1/39 HPs)
             Began as a Naga Hunter on June 10, 2023.
             Slain by an orc
             ... wielding a +0 club
              (4 damage)
             ... on level 3 of the Dungeon.
             The game lasted 00:00:27 (1069 turns).

qw the Shooter (Naga Hunter)                        Turns: 1069, Time: 00:00:27

Health: -1/39      AC:  2    Str: 13    XL:     4   Next: 13%
Magic:  4/4        EV:  9    Int:  9    God:
Gold:   43         SH:  0    Dex: 17    Spells: 3/3 levels left

rFire   . . .        Y - +0 longbow
rCold   . . .        (shield currently unavailable)
rNeg    . . .        c - +0 leather armour
rPois   +            (no helmet)
rElec   .            (no cloak)
rCorr   .            (no gloves)
SInv    +            (no barding)
Will    .....        (no amulet)
Stlth   ++           (no ring)
HPRegen 0.26/turn    (no ring)
MPRegen 0.09/turn

%: no passive effects
@: short of breath, very slow
A: AC +1, large, see invisible, deformed body, poison resistance, slowness 2,
spit poison 1, naga tail 1
a: Spit Poison


You were on level 3 of the Dungeon.
You visited 1 branch of the dungeon, and saw 4 of its levels.

You collected 43 gold pieces.


Innate Abilities, Weirdness & Mutations

Your serpentine skin is tough. (AC +1)
You have supernaturally acute eyesight. (SInv)
Armour fits poorly on your strangely shaped body.
Your system is resistant to poisons. (rPois)
You cover ground very slowly.
You can spit poison.
You have a snake-like lower body.


   Skills:
 + Level 2.1 Fighting
 - Level 5.0 Ranged Weapons
 - Level 1.5 Dodging
 - Level 1.5 Stealth


You had 3 spell levels left.
You didn't know any spells.
Your spell library was empty.

Inventory:

Hand Weapons
 Y - a +0 longbow (weapon)
Armour
 c - a +0 leather armour (worn)
Scrolls
 g - a scroll of identify
Potions
 a - a potion of enlightenment {unknown}
 b - a potion of curing {unknown}
 e - a potion of ambrosia {unknown}
 f - a potion of brilliance {unknown}

Dungeon Overview and Level Annotations

Branches:
Dungeon (4/15)
 Temple: D:4-7

Altars:


Message History

The bat hits you but does no damage. x2; The hobgoblin closely misses you.
An orc priest comes into view. It is wielding a +0 whip.
The hobgoblin hits you.
The orc priest invokes the aid of Beogh against you.
Beogh smites you!
1064 ||| INVOKING Spit Poison.
Aiming: Spit Poison (1% risk of failure)
Press: ? - help, Shift-Dir - straight line, f/p - hobgoblin The splash of poison hits the hobgoblin!
The hobgoblin is poisoned.
You kill the hobgoblin!
The bat hits you. The bat hits you but does no damage.
You shoot an arrow. The arrow barely misses the bat.
The bat hits you but does no damage. x2
An orc comes into view. It is wielding a +0 whip.
You shoot an arrow. The arrow barely misses the orc.
You have got your breath back.
The bat hits you but does no damage. The bat completely misses you.
The bat hits you but does no damage. The orc hits you with a +0 club.
The bat hits you but does no damage. The orc barely misses you.
1067 ||| INVOKING Spit Poison.
Aiming: Spit Poison (1% risk of failure)
Press: ? - help, Shift-Dir - straight line, f/p - orc The splash of poison hits the orc but does no damage.
The orc is poisoned.
The bat hits you but does no damage. The ball python barely misses you.
The bat barely misses you. The orc barely misses you.
You shoot an arrow.
The arrow closely misses the orc priest.
The bat closely misses you. The ball python barely misses you. x2
The orc priest mumbles some strange prayers to Beogh against you.
Beogh smites you! The orc barely misses you.
You shoot an arrow. The arrow hits the orc priest!
You kill the orc priest!
The bat hits you. The ball python bites you.
An orc comes into view. It is wielding a +0 flail.
The orc hits you but does no damage.
The ball python bites you but does no damage.
The orc hits you with a +0 club.
You die...

. ... ># #..#
#. ....## ##.
......
..##..#...
######.....>...
......)oS......
#b.@.......
#.o.))o........
#.#.#..........
#.$.#########
#<.# <... ....
.###


You could see 3 orcs, a bat and a ball python.

Vanquished Creatures
  An orc priest (D:3)
  An adder (D:4)
  4 dart slugs
  5 bats (D:1)
  3 endoplasms (D:1)
  3 giant cockroaches (D:1)
  9 goblins
  5 hobgoblins
  4 kobolds
  5 ball pythons (D:1)
  A frilled lizard (D:1)
  A rat (D:1)
42 creatures vanquished.

Notes
Turn   | Place    | Note
-------+----------+-------------------------------------------
     0 | D:1      | qw the Naga Hunter began the quest for the Orb.
     0 | D:1      | Reached XP level 1. HP: 19/19 MP: 1/1
     0 | D:1      | 0 ||| qw: Version: 0.2-a-122-gbc61b45
     0 | D:1      | 0 ||| qw: Game counter: 3672
     0 | D:1      | 0 ||| qw: Always use a shield: true
     0 | D:1      | 0 ||| qw: God list: Okawaru
     0 | D:1      | 0 ||| qw: Allow faded altars: false
     0 | D:1      | 0 ||| qw: Do Orc after D:15 true
     0 | D:1      | 0 ||| qw: Do second Lair branch before Depths: true
     0 | D:1      | 0 ||| qw: Lair rune preference: random
     0 | D:1      | 0 ||| qw: Plans: Normal
     0 | D:1      | 0 ||| PLANNING D:1-11
    56 | D:1      | 56 ||| INVOKING Spit Poison.
    71 | D:1      | 71 ||| INVOKING Spit Poison.
    74 | D:1      | 74 ||| INVOKING Spit Poison.
    80 | D:1      | 80 ||| INVOKING Spit Poison.
    84 | D:1      | 84 ||| INVOKING Spit Poison.
    86 | D:1      | Reached skill level 4 in Ranged Weapons
    86 | D:1      | Reached XP level 2. HP: 24/26 MP: 2/2
    94 | D:1      | 94 ||| INVOKING Spit Poison.
   111 | D:1      | 111 ||| INVOKING Spit Poison.
   119 | D:1      | 119 ||| INVOKING Spit Poison.
   152 | D:1      | 152 ||| SWAPPING to +0 longbow.
   154 | D:1      | 154 ||| DROPPING +0 shortbow.
   167 | D:1      | 167 ||| INVOKING Spit Poison.
   193 | D:1      | 193 ||| INVOKING Spit Poison.
   243 | D:1      | 243 ||| INVOKING Spit Poison.
   289 | D:1      | 289 ||| INVOKING Spit Poison.
   291 | D:1      | Reached XP level 3. HP: 32/32 MP: 3/3
   301 | D:1      | 301 ||| INVOKING Spit Poison.
   306 | D:1      | 306 ||| INVOKING Spit Poison.
   309 | D:1      | 309 ||| INVOKING Spit Poison.
   310 | D:1      | 310 ||| INVOKING Spit Poison.
   380 | D:1      | 380 ||| INVOKING Spit Poison.
   383 | D:1      | 383 ||| INVOKING Spit Poison.
   387 | D:1      | 387 ||| INVOKING Spit Poison.
   390 | D:1      | 390 ||| INVOKING Spit Poison.
   594 | D:1      | 594 ||| INVOKING Spit Poison.
   618 | D:1      | 618 ||| INVOKING Spit Poison.
   694 | D:1      | 694 ||| DROPPING +6 ring of intelligence.
   695 | D:1      | 695 ||| READING 2 scrolls labelled SAROUMP CIRRE.
   696 | D:1      | 696 ||| READING scroll labelled CAITAE WAFRIADID.
   697 | D:1      | 697 ||| READING scroll labelled TISYRYCATTA.
   700 | D:1      | 700 ||| DROPPING scroll of butterflies.
   701 | D:1      | 701 ||| DROPPING scroll of poison.
   714 | D:2      | 714 ||| INVOKING Spit Poison.
   723 | D:2      | 723 ||| INVOKING Spit Poison.
   747 | D:2      | 747 ||| INVOKING Spit Poison.
   894 | D:2      | 894 ||| INVOKING Spit Poison.
   903 | D:2      | 903 ||| INVOKING Spit Poison.
   972 | D:2      | You fall into a shaft and drop 2 floors!
   980 | D:4      | 980 ||| INVOKING Spit Poison.
   983 | D:4      | Reached skill level 5 in Ranged Weapons
   983 | D:4      | Reached XP level 4. HP: 33/39 MP: 4/4
  1051 | D:4      | 1051 ||| INVOKING Spit Poison.
  1052 | D:4      | 1052 ||| READING scroll labelled WONNEP TUTTY.
  1061 | D:3      | 1061 ||| INVOKING Spit Poison.
  1064 | D:3      | 1064 ||| INVOKING Spit Poison.
  1067 | D:3      | 1067 ||| INVOKING Spit Poison.
  1068 | D:3      | HP: 4/39 [orc priest/divine providence (13)]
  1069 | D:3      | Slain by an orc

Levels and vault maps discovered:
D:1:      dpeg_arrival_erosion, layout_basic, minmay_crystal_room
D:2:      cheibrodos_helix_gallery, layout_basic
D:3:      layout_rooms, minitemple
D:4:      layout_gridville, uniq_ijyb, uniq_blork_the_orc, uniq_duvessa

Skill      XL: |  1  2  3 |
---------------+----------+-----
Ranged Weapons | 4 5 |  5.0
Fighting       | |  2.1
Dodging        | |  1.5
Stealth        | |  1.5

Action                     |  1- 3 |  4- 6 || total
---------------------------+-------+-------++-------
   Fire: Shortbow          |    18 |       ||    18
         Longbow           |    32 |     9 ||    41
Ability: Spit Poison       |    27 |     4 ||    31
    Use: Scroll            |     3 |     1 ||     4
 Armour: Leather armour    |     6 |    11 ||    17
  Dodge: Dodged            |     6 |    12 ||    18

Table legend:
 A = Non-vault XP
 B = Vault XP
 C = Vault XP percentage of total XP
 D = Non-vault monster count
 E = Vault monster count
 F = Vault count percentage of total count
                 A         B        C        D         E       F
            +---------+---------+-------+---------+---------+-------
      Total |     134 |       0 |   0.0 |      42 |       0 |   0.0
            +---------+---------+-------+---------+---------+-------
        D:1 |      61 |       0 |   0.0 |      32 |       0 |   0.0
        D:2 |      13 |       0 |   0.0 |       5 |       0 |   0.0
        D:3 |      43 |       0 |   0.0 |       2 |       0 |   0.0
        D:4 |      17 |       0 |   0.0 |       3 |       0 |   0.0
            +---------+---------+-------+---------+---------+-------
